 Dungeon Crawl Stone Soup version bcrawl-1.21.3 (webtiles) character file.

Game seed: 14629987306576529967

156 Flugslaktarn the Skirmisher (level 5, -2/33 HPs)
             Began as a Skeleton Archaeologist on Mar 30, 2020.
             Killed from afar by an orc wizard (3 damage)
             ... with a magic dart
             ... on level 3 of the Dungeon.
             The game lasted 00:02:02 (3545 turns).

Flugslaktarn the Skirmisher (SkAc)                  Turns: 3545, Time: 00:02:03

Health: -2/33      AC:  8    Str: 18      XL:     5   Next: 15%
Magic:  0/5        EV:  7    Int: 12 (13) God:
Gold:   525        SH: 12    Dex:  6 (7)  Spells: 4/4 levels left

rFire    . . .     SeeInvis .   f - +0 war axe
rCold    + . .     Gourm    .   k - +0 large shield
rNeg     + + +     Faith    .   p - +0 ring mail
rPois    ∞         Spirit   +   c - +1 hat
rElec    .         Reflect  .   (no cloak)
rCorr    .         Harm     .   (no gloves)
MR       .....                  d - +1 pair of boots
Stlth    ++........             (no amulet)
HPRegen  0.11/turn              (no ring)
MPRegen  0.09/turn              (no ring)

@: no status effects
A: no food or potions, cold resistance 1, deterioration 1, negative energy
resistance 3, torment resistance, unbreathing, magic shield, sturdy frame 1,
spell healing
a: no special abilities


You were on level 3 of the Dungeon.
You were not hungry.

You visited 1 branch of the dungeon, and saw 3 of its levels.

You collected 525 gold pieces.

Inventory:

Hand Weapons
 a - a +0 whip
 f - a +0 war axe (weapon)
   (You took it off an orc on level 3 of the Dungeon)
Armour
 b - a +1 robe
 c - a +1 hat (worn)
 d - a +1 pair of boots (worn)
 k - a +0 large shield (worn)
   (You found it on level 1 of the Dungeon)
 p - a +0 ring mail (worn)
   (You found it on level 2 of the Dungeon)
Jewellery
 i - an uncursed ring of stealth {unknown}
   (You found it on level 1 of the Dungeon)
 q - a +3 ring of intelligence {unknown}
   (You found it on level 3 of the Dungeon)
Scrolls
 e - a scroll of magic mapping
 g - a scroll of noise {unknown}
 h - a scroll of fear {unknown}
 l - a scroll of amnesia {unknown}
 n - a scroll of immolation {unknown}
 o - a scroll of enchant weapon {unknown}
 r - 3 scrolls of identify
 s - a scroll of blinking {unknown}
 t - a scroll of teleportation
 x - 2 scrolls of remove curse


   Skills:
 + Level 4.2 Fighting
 * Level 0.0(0.5) Axes
 - Level 1.2 Maces & Flails
 + Level 1.2 Armour
 - Level 3.0 Dodging
 - Level 3.6 Stealth
 + Level 2.5 Shields


You had 4 spell levels left.
You didn't know any spells.
Your spell library was empty.

Dungeon Overview and Level Annotations

Branches:
Dungeon (3/12)

Altars:
Kikubaaqudgha


Innate Abilities, Weirdness & Mutations

You do not eat or drink.
You are immune to poison.
Your flesh is cold resistant. (rC+)
Your body sometimes deteriorates upon taking damage.
You are immune to negative energy. (rN+++)
You are immune to unholy pain and torment.
You can survive without breathing.
When hurt, damage is shared between your health and your magic reserves.
Your movements are slightly less encumbered by armour. (ER -2)
Casting spells heals you.


Message History

You closely miss the orc wizard.
The orc wizard is severely wounded.
The orc wizard casts a spell.
The orc wizard blinks!
You block the orc wizard's attack.
You barely miss the orc wizard.
The orc wizard is severely wounded.
You block the orc wizard's attack.
The orc wizard casts a spell.
The orc wizard blinks!
The orc wizard gestures at you while chanting.
The magic dart hits you.
* * * LOW HITPOINT WARNING * * *
The orc wizard casts a spell at you.
You easily resist.
Unknown command.
You block the orc wizard's attack. The orc wizard casts a spell at you.
The magic dart hits you.
You die...

...#
#######.....>(......
### #......#......
#......###....
#......# ...
#......# ..
############......#
.
.....o...÷....!...#
############.....o#
#....@.# #......#
#......# #......#
#......# #......#
########


You could see an orc wizard.

Vanquished Creatures
  Jessica (D:2)
  4 adders (D:3)
  3 worms
  8 dart slugs
  3 leopard geckos
  6 orcs (D:3)
  5 bats
  A giant cockroach (D:1)
  7 goblins
  7 hobgoblins
  2 jackals
  A quokka (D:1)
  A ball python (D:1)
  4 frilled lizards
  5 kobolds
  5 rats
63 creatures vanquished.

Vanquished Creatures (others)
  3 orcs (D:3)
  A kobold (D:3)
  A quokka (D:3)
5 creatures vanquished.

Grand Total: 68 creatures vanquished

Notes
Turn   | Place    | Note
-------+----------+-------------------------------------------
     0 | D:1      | Flugslaktarn the Skeleton Archaeologist began the quest for
                  | the Orb.
     0 | D:1      | Reached XP level 1. HP: 12/12 MP: 1/1
    87 | D:1      | Reached skill level 2 in Fighting
    87 | D:1      | Reached XP level 2. HP: 3/17 MP: 0/2
   900 | D:1      | Reached skill level 3 in Fighting
  1025 | D:1      | Reached XP level 3. HP: 23/23 MP: 1/3
  1525 | D:2      | Found an ancient bone altar of Kikubaaqudgha.
  1767 | D:2      | Reached skill level 1 in Shields
  1804 | D:2      | Noticed Jessica
  1826 | D:2      | Killed Jessica
  1826 | D:2      | Reached XP level 4. HP: 13/28 MP: 2/4
  3018 | D:3      | Reached skill level 4 in Fighting
  3046 | D:3      | Reached skill level 1 in Armour
  3227 | D:3      | Reached XP level 5. HP: 16/33 MP: 3/5
  3227 | D:3      | Identified a scroll of acquirement
  3485 | D:3      | Identified the ring of Cowardice {*Slow rElec rPois Dex+6}
                  | (You acquired it on level 3 of the Dungeon)
  3543 | D:3      | HP: 1/33 [orc wizard/magic dart (2)]
  3545 | D:3      | Killed from afar by an orc wizard

Skill      XL: |  1  2  3  4 |
---------------+-------------+-----
Fighting       | 2 3 4 |  4.2
Shields        | 1 2 |  2.5
Armour         | 1 |  1.2
Maces & Flails | |  1.2
Dodging        | |  3.0
Stealth        | |  3.6

Action                   |  1- 3 |  4- 6 || total
-------------------------+-------+-------++-------
Melee: Whip              |   178 |   235 ||   413
       War axe           |       |    13 ||    13
  Use: Scroll            |       |     4 ||     4
 Stab: Sleeping          |     3 |     2 ||     5
Armor: Robe              |    61 |       ||    61
       Ring mail         |     2 |   108 ||   110
Dodge: Dodged            |   118 |    87 ||   205
Block: Large shield      |    52 |   193 ||   245
